AoeStats
← MarkedMantis233

Black Forest

510402296Analyzed
4v4 RM · 1d ago on Sep 30, 2026· 45m 17s· 8 players
Game mode
Random Map
Map size
Large (8 player)
Population
200
Speed
Normal
Resources
Standard
Victory
Conquest
Starting age
Dark Age
Ending age
Imperial Age
RankedLock teamsTeams togetherTeam positionsShared explorationLock speedFull tech treeHidden civsTurbo modeCheats
Victory
Defeat
🇩🇪 Mongols · Germany
979
+14
🇺🇾 Italians · Uruguay
973
+15
🇺🇦 Slavs · Ukraine
967
+15
🇮🇳 Celts · India
964
+15
🇨🇦 Burgundians · Canada
1042
-54
🇨🇦 Burgundians · Canada
1000
-51
🇵🇪 Slavs · Peru
894
-13
🇸🇰 Saracens · Slovakia
847
-11
BouTellis
7:40 Loom
11:47 Feudal Age
12:58 Double-Bit Axe
19:56 Castle Age
19:57 Horse Collar
24:10 Wheelbarrow
26:07 Bow Saw
26:05 Stone Mining
31:05 Hand Cart
31:16 Heavy Plow
31:09 Light Cavalry
32:01 Bloodlines
31:53 Husbandry
35:49 Imperial Age
33:44 Scale Barding Armor
35:23 Chain Barding Armor
35:14 Forging
36:57 Hussar
38:26 Iron Casting
40:58 Elite Mangudai
41:36 Fletching
41:47 Padded Archer Armor
TaniaTequilaFromDushanbe
0:27 Loom
15:07 Feudal Age
15:37 Town Watch
17:11 Double-Bit Axe
21:56 Castle Age
19:59 Horse Collar
23:18 Gold Mining
23:19 Stone Mining
24:19 Bow Saw
26:43 Stone Mining
27:39 Wheelbarrow
30:29 Heavy Plow
30:53 Hand Cart
31:19 Bloodlines
31:14 Scale Mail Armor
31:10 Fletching
32:06 Fortified Wall
32:47 Masonry
33:18 Forging
36:46 Bodkin Arrow
37:27 Iron Casting
36:58 Scale Barding Armor
36:56 Husbandry
38:31 Gold Shaft Mining
38:37 Detinets
38:38 Murder Holes
39:04 Ballistics
41:42 Imperial Age
41:19 Pikeman
41:59 Squires
42:34 Chain Barding Armor
42:40 Elite Boyar
43:41 Conscription
43:00 Capped Ram
43:33 Halberdier
44:58 Hoardings
43:50 Siege Ram
46:28 Blast Furnace
46:04 Plate Barding Armor
[sAnCoNo] Dr_SaLadoMaL
11:15 Feudal Age
15:34 Castle Age
13:34 Double-Bit Axe
13:30 Horse Collar
13:42 Gold Mining
16:55 Bow Saw
17:29 Town Watch
18:21 Heavy Plow
24:14 Wheelbarrow
24:08 Loom
25:13 Fervor
25:22 Hand Cart
24:54 Town Watch
25:18 Stone Mining
30:19 Imperial Age
29:13 Silk Road
30:06 Stone Shaft Mining
29:50 Fletching
30:22 Padded Archer Armor
30:31 Town Patrol
32:24 Two-Man Saw
31:55 Crop Rotation
31:22 Bodkin Arrow
31:30 Scale Mail Armor
31:41 Forging
32:36 Chemistry
31:19 Treadmill Crane
31:55 Squires
31:40 Arson
32:42 Conscription
32:25 Bracer
33:16 Caravan
33:57 Chain Mail Armor
34:18 Iron Casting
35:43 Plate Mail Armor
37:38 Blast Furnace
37:12 Leather Archer Armor
37:50 Ballistics
37:42 Masonry
38:03 Elite Genoese Crossbowman
39:39 Thumb Ring
dushyanthkuthati
0:45 Loom
14:44 Feudal Age
16:07 Wheelbarrow
15:19 Fishing Lines
17:06 Double-Bit Axe
23:10 Castle Age
21:54 Horse Collar
22:08 Gold Mining
24:17 Hand Cart
24:15 Bow Saw
24:41 Gold Shaft Mining
25:24 Gillnets
33:15 Imperial Age
32:03 Ballistics
33:48 Heavy Scorpion
33:53 Capped Ram
34:37 Siege Ram
37:01 Chemistry
36:07 Siege Engineers
37:07 Furor Celtica
epic porc epic
11:17 Horse Collar
11:26 Double-Bit Axe
11:59 Horse Collar
16:13 Wheelbarrow
19:44 Feudal Age
19:30 Gold Mining
20:04 Stone Mining
21:40 Bow Saw
22:11 Gold Shaft Mining
22:10 Heavy Plow
23:07 Hand Cart
24:20 Stone Shaft Mining
23:40 Town Watch
28:54 Castle Age
26:45 Loom
27:10 Fletching
27:23 Padded Archer Armor
27:25 Scale Mail Armor
27:30 Scale Barding Armor
27:37 Forging
29:48 Bodkin Arrow
30:10 Leather Archer Armor
29:21 Crossbowman
30:43 Town Patrol
31:53 Guard Tower
31:46 Treadmill Crane
32:53 Crop Rotation
33:41 Pikeman
34:24 Squires
35:02 Chain Mail Armor
35:24 Iron Casting
34:23 Man-at-Arms
43:35 Ballistics
MarkedMantis233
1:04 Loom
1:55 Wheelbarrow
13:22 Double-Bit Axe
14:06 Horse Collar
18:52 Feudal Age
19:50 Hand Cart
19:20 Town Watch
19:47 Heavy Plow
20:01 Bow Saw
24:23 Gold Mining
24:23 Stone Mining
26:15 Stone Shaft Mining
26:16 Gold Shaft Mining
34:19 Castle Age
33:48 Padded Archer Armor
35:02 Scale Mail Armor
Fireman
0:28 Loom
11:49 Feudal Age
12:28 Horse Collar
12:40 Double-Bit Axe
21:13 Castle Age
19:26 Stone Mining
22:30 Wheelbarrow
22:31 Bow Saw
24:47 Hand Cart
24:57 Heavy Plow
33:28 Imperial Age
30:44 Town Watch
31:41 Gold Mining
32:11 Forging
32:07 Scale Barding Armor
32:16 Bloodlines
32:07 Husbandry
32:28 Light Cavalry
34:23 Iron Casting
34:10 Chain Barding Armor
35:20 Two-Man Saw
35:12 Gold Shaft Mining
35:06 Conscription
35:21 Hussar
37:33 Blast Furnace
36:36 Elite Mameluke
41:04 Chemistry
40:25 Ballistics
40:11 Siege Engineers
40:46 Fletching
42:58 Plate Barding Armor
-Nv.~|Annier^^!|
0:55 Loom
11:16 Feudal Age
12:42 Wheelbarrow
11:54 Double-Bit Axe
16:48 Horse Collar
21:22 Castle Age
19:50 Gold Mining
19:55 Stone Mining
22:33 Hand Cart
22:48 Bow Saw
23:23 Heavy Plow
30:41 Imperial Age
29:42 Gold Shaft Mining
30:08 Caravan
30:25 Town Watch
32:24 Two-Man Saw
31:56 Crop Rotation
32:50 Onager
34:58 Forging
35:12 Ballistics
35:52 Chemistry
35:22 Fletching
35:38 Scale Barding Armor
35:51 Scale Mail Armor
36:02 Masonry
37:18 Fortified Wall
38:21 Pikeman
38:31 Heavy Scorpion
Connection lost

Rejoining the realm…

Still unreachable

The connection could not be restored.

Session expired

The server has moved on; the page needs a fresh start.